 Dungeon Crawl Stone Soup version 0.31.0-11-ge490571c62 (webtiles) character file.

Game seed: 11388381681595030800

1330 solopath the Basher (level 8, -11/126 HPs)
             Began as an Oni Berserker on Jan 31, 2024.
             Was an Elder of Trog.
             Mangled by an ice beast (13 damage)
             ... on level 6 of the Dungeon.
             The game lasted 00:05:09 (5140 turns).

solopath the Basher (Oni Berserker)                 Turns: 5140, Time: 00:05:09

Health: -11/126    AC: -1    Str: 24    XL:     8   Next: 60%
Magic:  8/8        EV: 10    Int:  8    God:    Trog [****..]
Gold:   246        SH:  0    Dex:  8    Spells: 7/7 levels left

rFire   + . .        A - +4 mace
rCold   . . .        (no shield)
rNeg    . . .        C - +2 robe {Will+}
rPois   +            h - +2 hat {Stlth+}
rElec   .            (no cloak)
rCorr   .            (gloves unavailable)
SInv    .            (boots unavailable)
Will    +....        (no amulet) Stlth
                     l - ring of protection from fire
HPRegen 0.41/turn    s - ring of poison resistance
MPRegen 0.11/turn

%: no passive effects
@: berserking, corroded, very quick
A: large, unfitting armour, horns 1, tough skin 1, double potion healing,
drunken brawling
a: Renounce Religion, Berserk, Trog's Hand, Brothers in Arms


You were on level 6 of the Dungeon.
You worshipped Trog.
Trog was greatly pleased with you.
You visited 1 branch of the dungeon, and saw 6 of its levels.

You collected 246 gold pieces.

Inventory:

Hand Weapons
 A - a +4 mace (weapon)
Missiles
 i - 6 boomerangs (quivered)
 j - 2 throwing nets
Armour
 h - a +2 hat of stealth (worn)
 C - a +2 robe of willpower (worn)
Jewellery
 l - a ring of protection from fire (left hand)
 s - a ring of poison resistance (right hand)
 B - a +6 ring of strength
Wands
 o - a wand of polymorph (12)
 y - a wand of iceblast (11)
Scrolls
 a - a scroll of brand weapon {unknown}
 d - 3 scrolls of immolation {unknown}
 e - a scroll of fog {unknown}
 m - a scroll of enchant weapon {unknown}
 p - a scroll of silence {unknown}
 q - 3 scrolls of identify {unknown}
 v - 2 scrolls of teleportation {unknown}
 w - 2 scrolls of poison {unknown}
 z - a scroll of revelation {unknown}
Potions
 b - a potion of brilliance {unknown}
 c - 5 potions of curing {unknown}
 f - a potion of heal wounds {unknown}
 g - 3 potions of lignification {unknown}
 k - a potion of might {unknown}
 n - a potion of magic {unknown}
 r - a potion of cancellation {unknown}
 t - a potion of berserk rage {unknown}
 u - a potion of mutation {unknown}
 x - a potion of attraction {unknown}


   Skills:
 + Level 6.6 Fighting
 * Level 9.1 Maces & Flails
 + Level 3.6 Throwing
 - Level 2.6 Dodging


You had 7 spell levels left.
You didn't know any spells.
Your spell library was empty.

Dungeon Overview and Level Annotations

Branches:
Dungeon (6/15)             Temple (0/1) D:6

Altars:
Ashenzari
Fedhas
Okawaru
Wu Jian
The Shining One

Shops:
D:2 (   D:5 [

Annotations:
D:2 1 runed translucent door, Crazy Yiuf


Innate Abilities, Weirdness & Mutations

You are too large for most types of armour.
You have a pair of small horns on your head.
You have tough skin. (AC +1)
You gain doubled healing and magic from potions.
Whenever you drink a healing potion, you attack all around you.


Message History

The black bear claws you.
You hit the jelly.
You kill the jelly!
Trog accepts your kill. The black bear bites you!
The black bear barely misses you. The black bear completely misses you.
You hit the black bear but do no damage.
The black bear is severely wounded.
The black bear bites you. The black bear claws you. x2
You closely miss the black bear. You headbutt the black bear.
The black bear is severely wounded.
The black bear bites you. The black bear claws you. x2
You sock the black bear! You headbutt the black bear.
You kill the black bear!
Trog accepts your kill.
Your Maces & Flails skill increases to level 9!
You hit the ice beast.
The ice beast is lightly wounded.
The ice beast hits you. The ice beast freezes you!
* * * LOW HITPOINT WARNING * * *
You hit the ice beast.
The ice beast is moderately wounded.
The ice beast hits you.
* * * LOW HITPOINT WARNING * * *
The ice beast freezes you!
* * * LOW HITPOINT WARNING * * *
You hit the ice beast but do no damage. Your headbutt misses the ice beast.
The ice beast is moderately wounded.
The ice beast barely misses you.
A red film seems to cover your vision as you go berserk!
You feel yourself moving faster!
You feel mighty! The ice beast hits you.
* * * LOW HITPOINT WARNING * * *
The ice beast freezes you!
* * * LOW HITPOINT WARNING * * *
You sock the ice beast! You headbutt the ice beast.
The ice beast is severely wounded.
The ice beast hits you.
* * * LOW HITPOINT WARNING * * *
The ice beast freezes you!
You die...

... ....... ....... .?..h..
.......#########
.........##....#
.......#.##.##.# ########
.......#.##.##.### #.......
.........Y@......###.......
.......#####.....+..^......
....... #.....###.......
≈≈≈≈≈.. #.#............#
≈≈####o #.#............# #
.# #.#............# #
#.#............#
.............>.#
...............#


You could see an ice beast.

Vanquished Creatures
  Duvessa (D:6)
  2 black bears (D:6)
  An ice beast (D:6)
  An ogre (D:4)
  A centaur (D:6)
  A scorpion (D:4)
  Dowan (D:6)
  3 howler monkeys (D:5)
  5 jellies
  An orc priest (D:3)
  3 hounds
  An iguana (D:5)
  An orc wizard (D:2)
  Ijyb (D:5)
  5 gnolls
  6 adders
  A dart slug (D:4)
  3 ribbon worms
  22 orcs
  4 endoplasms (D:2)
  8 goblins
  9 hobgoblins
  4 jackals (D:1)
  2 kobolds (D:4)
  2 quokkas (D:4)
  8 ball pythons
  6 bats
  3 frilled lizards
  9 rats
115 creatures vanquished.

Notes
Turn   | Place    | Note
-------+----------+-------------------------------------------
     0 | D:1      | solopath the Oni Berserker began the quest for the Orb.
     0 | D:1      | Reached XP level 1. HP: 24/24 MP: 1/1
   126 | D:1      | Reached XP level 2. HP: 32/32 MP: 2/2
   579 | D:1      | Reached XP level 3. HP: 39/39 MP: 3/3
   623 | D:1      | Reached skill level 4 in Maces & Flails
   751 | D:1      | Reached ** piety under Trog
  1152 | D:2      | Found Antar's Antique Weapon Boutique.
  1199 | D:2      | Found an ornate altar of the Wu Jian Council.
  1231 | D:2      | Reached XP level 4. HP: 37/48 MP: 4/4
  1339 | D:2      | Reached skill level 5 in Maces & Flails
  1857 | D:2      | Found a runed translucent door.
  1858 | D:2      | Noticed Crazy Yiuf
  2111 | D:2      | Reached XP level 5. HP: 35/54 MP: 5/5
  2306 | D:3      | Found a blossoming altar of Fedhas.
  2362 | D:3      | Found a faded altar of an unknown god.
  2447 | D:3      | Reached *** piety under Trog
  2642 | D:2      | Reached skill level 6 in Maces & Flails
  2759 | D:3      | Reached XP level 6. HP: 38/62 MP: 6/6
  3148 | D:4      | Found an iron altar of Okawaru.
  3243 | D:4      | Reached skill level 7 in Maces & Flails
  3414 | D:4      | Reached skill level 1 in Throwing
  3414 | D:4      | Reached XP level 7. HP: 41/71 MP: 7/7
  3701 | D:4      | Found a glowing golden altar of the Shining One.
  3858 | D:5      | Entered Level 5 of the Dungeon
  4074 | D:5      | Noticed Ijyb
  4097 | D:5      | Killed Ijyb
  4098 | D:5      | Reached skill level 5 in Fighting
  4191 | D:5      | Found a broken altar of Ashenzari.
  4403 | D:5      | Reached skill level 8 in Maces & Flails
  4735 | D:5      | Found Hiulol's Armour Emporium.
  4855 | D:6      | Noticed Duvessa
  4857 | D:6      | Noticed Dowan
  4865 | D:6      | Killed Duvessa
  4866 | D:6      | Reached XP level 8. HP: 57/83 MP: 8/8
  4882 | D:6      | Killed Dowan
  4882 | D:6      | Reached **** piety under Trog
  4945 | D:6      | Found a staircase to the Ecumenical Temple.
  5136 | D:6      | Reached skill level 9 in Maces & Flails
  5139 | D:6      | HP: 3/126 [ice beast (9)]
  5140 | D:6      | Mangled by an ice beast

Illustrated notes

Levels and vault maps discovered:
D:1:      psy_arrival_whirlpool, layout_basic, minmay_tetromino_l2
D:2:      minmay_spotlight, layout_basic, basic_altar, serial_shops, shop,
          uniq_crazy_yiuf_cottage
D:3:      layout_basic, mainiacjoe_overflow_brackets, basic_ecumenical_altar
D:4:      layout_basic, lemuel_doored_altar, nicolae_tso_swordbearing_angel,
          minmay_cut_off
D:5:      layout_cave_pools, nicolae_ashenzari_skybound, serial_shops,
          nicolae_shop_hallway_plus, uniq_ijyb
D:6:      layout_basic, general_overflow_altar,
          minmay_temple_entry_stoned_glass, grunt_decor_junction, uniq_duvessa

Skill      XL: |  1  2  3  4  5  6  7  8 |
---------------+-------------------------+-----
Maces & Flails | 4 5 6 7 8 9 |  9.1
Throwing       | 1 2 3 |  3.6
Fighting       | 5 6 |  6.6
Dodging        | |  2.6

Action                     |  1- 3 |  4- 6 |  7- 9 || total
---------------------------+-------+-------+-------++-------
  Melee: Mace              |    71 |   168 |   151 ||   390
         Headbutt          |    10 |    20 |    26 ||    56
         Punch             |       |     1 |     4 ||     5
 Invoke: Berserk           |       |       |     2 ||     2
   Stab: Sleeping          |     2 |     6 |     1 ||     9
 Armour: Animal skin       |    38 |   141 |   101 ||   280
         Robe              |       |       |    30 ||    30
  Dodge: Dodged            |    38 |    92 |    96 ||   226
